 Dungeon Crawl Stone Soup version 0.23-a0-296-ga3b1b28 (webtiles) character file.

228 mhoghedin the Sneak (level 6, -3/37 HPs)
             Began as a Kobold Assassin on Oct 5, 2018.
             Slain by an orc
             ... wielding a +0 mace
              (9 damage)
             ... on level 3 of the Dungeon.
             The game lasted 00:03:38 (2348 turns).

mhoghedin the Sneak (Kobold Assassin)               Turns: 2348, Time: 00:03:39

Health: -3/37      AC:  3    Str:  8 (10) XL:     6   Next: 22%
Magic:  6/6        EV: 16    Int: 12 (13) God:
Gold:   118        SH:  0    Dex: 15 (16) Spells: 5/5 levels left

rFire    . . .     SeeInvis .   a - +2 dagger
rCold    . . .     Gourm    .   (shield restricted)
rNeg     . . .     Faith    .   c - +0 robe
rPois    .         Spirit   .   (no helmet)
rElec    .         Reflect  .   d - +0 cloak
rCorr    .         Harm     .   (no gloves)
MR       +....                  (no boots)
Stlth    +++.......             (no amulet)
HPRegen  0.12/turn              k - ring of protection from magic {MR+, !d}
MPRegen  0.10/turn              (no ring)

@: no status effects
A: small, carnivore
a: no special abilities


You were on level 3 of the Dungeon.
You were full.

You visited 1 branch of the dungeon, and saw 3 of its levels.

You collected 118 gold pieces.

Inventory:

Hand Weapons
 a - a +2 dagger (weapon)
 b - a +0 blowgun
Missiles
 e - a poisoned needle
Armour
 c - a +0 robe (worn)
 d - a +0 cloak (worn)
Jewellery
 k - a ring of protection from magic (left hand) {MR+, !d}
   (You found it on level 1 of the Dungeon)
Scrolls
 h - 3 scrolls of identify {unknown}
 j - 3 scrolls of teleportation {unknown}
 l - a scroll of fog {unknown}
 m - a scroll of remove curse {unknown}
 n - a scroll of amnesia {unknown}
Potions
 f - a potion of heal wounds {unknown}
Comestibles
 g - 5 rations


   Skills:
 + Level 3.4 Fighting
 + Level 4.3 Short Blades
 + Level 3.4 Throwing
 + Level 3.2 Dodging
 + Level 6.4 Stealth


You had 5 spell levels left.
You didn't know any spells.
Your spell library was empty.

Dungeon Overview and Level Annotations

Branches:
Dungeon (3/15)

Altars:


Innate Abilities, Weirdness & Mutations

You are small and have problems with some larger weapons.
You are carnivorous and can eat meat at any time.


Message History

The poisoned needle closely misses the orc priest.
Firing (i - inventory)
e - 5 poisoned needles (quivered)
Aim: an orc priest, wielding a falchion and wearing a ring mail (lightly You shoot a poisoned needle.
The poisoned needle hits the orc priest.
The orc priest looks even sicker.
An orc comes into view. It is wielding a mace.
Firing (i - inventory)
e - 4 poisoned needles (quivered)
Aim: an orc priest, wielding a falchion and wearing a ring mail (lightly You shoot a poisoned needle.
The poisoned needle hits the orc priest.
The orc priest looks even sicker.
An orc comes into view. It is wielding a flail.
The orc priest closely misses you.
Firing (i - inventory)
e - 3 poisoned needles (quivered)
Aim: an orc priest, wielding a falchion and wearing a ring mail (lightly You shoot a poisoned needle.
The poisoned needle closely misses the orc priest.
Firing (i - inventory)
e - 2 poisoned needles (quivered)
Aim: an orc priest, wielding a falchion and wearing a ring mail (moderately You shoot a poisoned needle.
The poisoned needle hits the orc priest!
The orc priest looks as sick as possible!
The orc closely misses you. The orc priest completely misses you.
The orc priest mumbles some strange prayers to Beogh against you.
Beogh smites you!
You take 14 damage, and have 23/37 hp.
MASSIVE DAMAGE!!
The orc priest looks braver for a moment.
Found a stone staircase leading up.
You kill the orc priest!
Unknown command.
a - a +2 dagger (weapon)
There is a stone staircase leading up here.
The orc misses you.
You see here 17 bolts.
You hit the orc but do no damage. The orc hits you but does no damage.
You hit the orc but do no damage. You hit the orc. You hit the orc.
You hit the orc. The orc hits you with a flail.
You take 4 damage, and have 21/37 hp.
You are too injured to fight recklessly!
You are too injured to fight recklessly!
You are too injured to fight recklessly!
You are too injured to fight recklessly!
You are too injured to fight recklessly!
You are too injured to fight recklessly!
You are too injured to fight recklessly!
You are too injured to fight recklessly!
You are too injured to fight recklessly!
You are too injured to fight recklessly!
You are too injured to fight recklessly!
You are too injured to fight recklessly!
You are too injured to fight recklessly!
You are too injured to fight recklessly!
You are too injured to fight recklessly!
You are too injured to fight recklessly!
You are too injured to fight recklessly!
You are too injured to fight recklessly!
You are too injured to fight recklessly!
Unknown command.
You hit the orc.
You kill the orc!
The orc barely misses you.
Things that are here:
a flail; an orc corpse You hit the orc but do no damage.
The orc completely misses you.
You hit the orc. The orc completely misses you.
You hit the orc. You barely miss the orc. The orc misses you.
You hit the orc but do no damage. The orc hits you but does no damage.
You hit the orc but do no damage. You hit the orc but do no damage.
The orc hits you with a flail!
You take 7 damage, and have 15/37 hp.
You hit the orc but do no damage. The orc misses you.
You barely miss the orc. You hit the orc but do no damage.
The orc closely misses you.
You hit the orc. The orc closely misses you.
You hit the orc but do no damage. You closely miss the orc.
The orc completely misses you.
You hit the orc but do no damage. The orc hits you with a flail.
You take 2 damage, and have 13/37 hp.
You hit the orc.
You kill the orc!
You completely miss the orc. You completely miss the orc.
The orc closely misses you.
You hit the orc but do no damage. The orc hits you with a mace.
* * * LOW HITPOINT WARNING * * *
You hit the orc but do no damage. You hit the orc.
The orc hits you with a mace.
* * * LOW HITPOINT WARNING * * *
You take 7 damage, and have 7/37 hp.
You hit the orc but do no damage. The orc closely misses you.
You barely miss the orc.
An orc comes into view. It is wielding a whip.
You closely miss the orc. The orc hits you with a mace.
* * * LOW HITPOINT WARNING * * *
You closely miss the orc. The orc hits you with a mace!
You die...

### #.. #.## #
#.. #. #..
#.### #.# ...#
#.# ###
#.#####.# .(.
#....##@#
#.###..#.##o#
#.((.......o#
###.)......<#
#.#....##....#
#.........###.#
#.......#...<
#.###.#.#....#
#. #.#.#.##.#


You could see 2 orcs.

Vanquished Creatures
  A sky beast (D:2)
  An orc priest (D:3)
  An adder (D:2)
  4 gnolls (D:2)
  2 oozes (D:1)
  A worm (D:2)
  2 dart slugs (D:2)
  3 leopard geckos
  2 orcs (D:3)
  A ball python (D:1)
  3 bats
  3 giant cockroaches
  5 goblins
  4 hobgoblins
  2 jackals (D:1)
  2 frilled lizards (D:1)
  2 kobolds (D:1)
  13 rats
52 creatures vanquished.

Notes
Turn   | Place    | Note
-------+----------+-------------------------------------------
     0 | D:1      | mhoghedin the Kobold Assassin began the quest for the Orb.
     0 | D:1      | Reached XP level 1. HP: 12/12 MP: 1/1
    12 | D:1      | Reached XP level 2. HP: 18/18 MP: 2/2
    28 | D:1      | Reached skill level 3 in Short Blades
   162 | D:1      | Reached XP level 3. HP: 17/22 MP: 3/3
   302 | D:1      | Reached skill level 2 in Dodging
   640 | D:2      | Reached XP level 4. HP: 27/27 MP: 4/4
   961 | D:2      | Noticed a sky beast
   986 | D:2      | HP: 4/27 [sky beast (6)]
   987 | D:2      | Killed a sky beast
   987 | D:2      | Reached skill level 3 in Fighting
   987 | D:2      | Reached skill level 3 in Throwing
   987 | D:2      | Reached skill level 6 in Stealth
   987 | D:2      | Reached XP level 5. HP: 5/32 MP: 5/5
  1271 | D:2      | Reached skill level 4 in Short Blades
  1614 | D:2      | Reached skill level 3 in Dodging
  1865 | D:2      | Reached XP level 6. HP: 26/37 MP: 6/6
  2344 | D:3      | HP: 7/37 [orc/mace (3)]
  2348 | D:3      | Slain by an orc

Vault maps used:
D:1:      onia_arrival_handbag
D:3:      first_ration

Skill      XL: |  1  2  3  4  5 |
---------------+----------------+-----
Short Blades   | 3 4 |  4.3
Dodging        | 2 3 |  3.2
Fighting       | 3 |  3.4
Throwing       | 3 |  3.4
Stealth        | 6 |  6.4

Action                   |  1- 3 |  4- 6 || total
-------------------------+-------+-------++-------
Melee: Dagger            |    86 |    92 ||   178
       War axe           |       |     3 ||     3
 Fire: Blowgun           |       |    21 ||    21
  Use: Potion            |       |     3 ||     3
 Stab: Sleeping          |    11 |     3 ||    14
  Eat: Chunk             |     7 |     3 ||    10
Armor: Robe              |    16 |    12 ||    28
Dodge: Dodged            |    39 |    83 ||   122

Table legend:
 A = Non-vault XP
 B = Vault XP
 C = Vault XP percentage of total XP
 D = Non-vault monster count
 E = Vault monster count
 F = Vault count percentage of total count
                 A         B        C        D         E       F
            +---------+---------+-------+---------+---------+-------
      Total |     309 |      17 |   5.2 |      48 |       4 |   7.7
            +---------+---------+-------+---------+---------+-------
        D:1 |      31 |      17 |  35.4 |      20 |       4 |  16.7
        D:2 |     229 |       0 |   0.0 |      25 |       0 |   0.0
        D:3 |      49 |       0 |   0.0 |       3 |       0 |   0.0
            +---------+---------+-------+---------+---------+-------

Vault maps used:
D:1:      onia_arrival_handbag
D:3:      first_ration

Table legend:
 A = Turns spent in this place as a percentage of turns spent in the entire game.
 B = Non-inter-level travel turns spent in this place as a percentage of non-inter-level travel turns spent in the entire game.
 C = Inter-level travel turns spent in this place as a percentage of turns spent in this place.
 D = Turns resting spent in this place as a percentage of non-inter-level travel turns spent in this place.
 E = Turns spent auto-exploring this place as a percentage of non-inter-level travel turns spent in this place.
 F = Non-inter-level travel turns spent in this place divided by the number of levels of this place that you've seen.
                   A       B       C       D       E      F
               +-------+-------+-------+-------+-------+----------------------
         Total | 100.0 | 100.0 |   1.8 |  34.5 |  44.6 | 768.3
       Dungeon | 100.0 | 100.0 |   1.8 |  34.5 |  44.6 | 768.3
               +-------+-------+-------+-------+-------+----------------------

Table legend:
 A = Kills in this place as a percentage of kills in entire the game.
 B = Kills by you in this place as a percentage of kills by you in the entire game.
 C = Kills by friends in this place as a percentage of kills by friends in the entire game.
 D = Other kills in this place as a percentage of other kills in the entire game.
 E = Experience gained in this place as a percentage of experience gained in the entire game.
 F = Experience gained in this place divided by the number of levels of this place that you have seen.
                   A       B       C       D       E      F
               +-------+-------+-------+-------+-------+----------------------
         Total | 100.0 | 100.0 |   N/A |   N/A | 100.0 | 108.7
       Dungeon | 100.0 | 100.0 |   N/A |   N/A | 100.0 | 108.7
               +-------+-------+-------+-------+-------+----------------------
